 Dungeon Crawl Stone Soup version 0.14-a0-1378-gf8e6a88 (webtiles) character file.

4406 Gorice the Grappler (level 10, -3/73 HPs)
             Began as a Ghoul Wanderer on Dec 7, 2013.
             Was a Believer of Okawaru.
             Slain by Erolcha
             ... wielding a +0,+0 giant spiked club
              (26 damage)
             ... on Level 8 of the Dungeon on Dec 8, 2013.
             The game lasted 01:42:06 (8331 turns).

Gorice the Grappler (Ghoul Wanderer)                Turns: 8331, Time: 01:42:06

HP  -3/73        AC 13     Str 18      XL: 10   Next: 25%
MP   9/11        EV  9     Int  7      God: Okawaru [**....]
Gold 348         SH  0     Dex 13      Spells:  0 memorised, 11 levels left

rFire  + . .     SeeInvis .       - Unarmed
rCold  + . .     Clarity  .     a - +1 scale mail
rNeg   + + +     Conserve .     (no shield)
rPois  +         rCorr    .     (no helmet)
rElec  .         rRot     +     y - +0 cloak
SustAb . .       Spirit   .     (no gloves)
rMut   .         Warding  .     h - +0 pair of boots
Saprov + + +     Stasis   .     (no amulet)
                                w - ring of protection from fire
                                m - +3 ring of dexterity

@: rotting, heroism, somewhat resistant to hostile enchantments, unstealthy
A: rotting body, claws 1, carnivore 3, cold resistance 1, life protection 3,
poison resistance, saprovore 3, slow healing 1, torment resistance, unbreathing
a: Heroism, Renounce Religion


You were on level 8 of the Dungeon.
You worshipped Okawaru.
Okawaru was pleased with you.
You were not hungry.

You visited 2 branches of the dungeon, and saw 9 of its levels.

You collected 348 gold pieces.

Inventory:

Hand weapons
 b - a +1,+1 crossbow
 s - a +1,+1 sling of evasion
 B - a +2 blowgun
Missiles
 c - 24 bolts
 u - 24 sling bullets of flame
 G - 32 poisoned needles
 P - 4 poisoned darts (quivered)
 Y - 2 throwing nets
 Z - 35 stones
Armour
 a - a +1 scale mail (worn)
 h - a +0 pair of boots (worn)
 y - a +0 cloak (worn)
Magical devices
 K - a wand of lightning (5)
Comestibles
 l - a slice of pizza
 r - a meat ration
Scrolls
 f - a scroll of blinking
 o - a scroll of enchant weapon III {unknown}
Jewellery
 g - an uncursed ring of ice
 m - a +3 ring of dexterity (left claw)
 w - a ring of protection from fire (right claw)
Potions
 d - a potion of speed
 e - a potion of might {unknown}
 i - 3 potions of curing
 k - a potion of brilliance
 C - a potion of heal wounds
 H - 2 potions of invisibility
Books
 n - a book of Debilitation

   Spells                             Type                      Level
   Corona                             Hexes                        1
   Slow                               Hexes                        2
   Inner Flame                        Hexes/Fire                   3
   Enslavement                        Hexes                        4
   Cause Fear                         Hexes                        4
   Leda's Liquefaction                Hexes/Earth                  4


   Skills:
 - Level 2.1(7.1) Fighting
 - Level 5.6(10.6) Crossbows
 - Level 1.0(6.0) Throwing
 + Level 8.1(13.1) Armour
 * Level 10.8(15.8) Unarmed Combat
 - Level 1.0 Spellcasting
   Level 2.1 Ice Magic
 - Level 1.0 Evocations


You had 11 spell levels left.
You didn't know any spells.

Dungeon Overview and Level Annotations

Branches:
Dungeon (8/16)             Temple (1/1) D:6
   Lair: D:8-11

Altars:
Ashenzari
Cheibriados
Elyvilon
Fedhas
Kikubaaqudgha
Makhleb
Nemelex Xobeh
Okawaru
Sif Muna
Trog
Vehumet
Xom
Yredelemnul
Zin
the Shining One

Annotations:
D:8 Erolcha


Innate Abilities, Weirdness & Mutations

Your body is rotting away.
You have sharp fingernails.
You are carnivorous and can eat meat at any time.
Your flesh is cold resistant.
You are immune to negative energy.
Your system is resistant to poisons.
You thrive on rotten meat.
You heal slowly when monsters are visible.
You are immune to unholy pain and torment.
You can survive without breathing.


Message History

Zapping:
K - a wand of lightning {zapped: 1}
Press: ? - help, Shift-Dir - straight line You hear a mighty clap of thunder!
The bolt of lightning hits something.
You hear some strange, mumbled words.
Something tries to affect you, but you resist.
Firing (i - inventory. (,) - cycle):
G - 33 poisoned needles (quivered)
Press: ? - help, Shift-Dir - straight line You shoot a poisoned needle.
The poisoned needle hits something.
It hits you!
* * * LOW HITPOINT WARNING * * *
Drink which item? (? for menu, Esc to quit)
You feel much better. It hits you!
Wield which item (- for none, * to show all)? (? for menu, Esc to quit)
You are now empty-clawed.
Use which ability? (? or * to list)
You gain the combat prowess of a mighty hero.
You feel slightly more hungry.
You hear the faint creaking of an oriflamme nearby.
It hits you!
You die...

######### #.......## #.###.....
######################.###.....
......(.....((..................
#....$....####{.≈≈≈.##.###>....
#.........# ##@.≈≈≈.##.# #.#.##
#.........# #....≈≈....# #.#.##
#..(≈.....# #...≈≈≈.#### #.#.##
#!...?≈...# #..≈≈≈≈.######.#.##
.$...!...###..≈≈≈≈........#.##
.............≈≈≈≈..#####.#.##
.......###........#.##..#.##
....# #..................
######....###......


There were no monsters in sight!

Vanquished Creatures
  Joseph (D:7)
  A two-headed ogre (D:7)
  A hippogriff (D:7)
  Eustachio (D:6)
  Edmund (D:7)
  2 sky beasts (D:5)
  An orc warrior (D:6)
  4 ogres
  6 centaurs
  Sigmund (D:4)
  2 giant frogs
  4 killer bees (D:7)
  3 wights
  A jellyfish (D:8)
  An electric eel (D:8)
  4 crimson imps
  2 hounds
  A giant frog zombie (D:6)
  An iguana (D:8)
  4 orc priests
  9 orc wizards
  6 worker ants
  Ijyb (D:7)
  A crocodile skeleton (D:5)
  A hound skeleton (D:4)
  12 adders
  14 gnolls
  2 giant mites
  An inept feature mimic (D:6)
  7 worms
  5 giant geckos
  An ooze (D:2)
  26 orcs
  9 giant cockroaches
  6 hobgoblins
  15 jackals
  12 kobolds
  15 bats
  A giant cockroach zombie (D:5)
  A giant gecko skeleton (D:6)
  2 giant newts
  A giant newt skeleton (D:4)
  A giant spore (D:7)
  17 goblins
  An orc zombie (D:7)
  A quokka (D:4)
  13 rats
  5 ballistomycetes (D:7)
228 creatures vanquished.

Notes
Turn   | Place    | Note
--------------------------------------------------------------
     0 | D:1      | Gorice, the Ghoul Wanderer, began the quest for the Orb.
     0 | D:1      | Reached XP level 1. HP: 17/17 MP: 3/3
   289 | D:1      | Reached skill level 1 in Crossbows
   329 | D:1      | Reached XP level 2. HP: 20/23 MP: 4/4
   907 | D:2      | Reached skill level 3 in Armour
   907 | D:2      | Reached XP level 3. HP: 29/29 MP: 5/5
  1091 | D:2      | Found a blossoming altar of Fedhas.
  1369 | D:2      | Reached XP level 4. HP: 36/36 MP: 5/5
  1880 | D:3      | Reached XP level 5. HP: 41/41 MP: 7/7
  2141 | D:4      | Found a blossoming altar of Fedhas.
  2144 | D:4      | Reached skill level 4 in Crossbows
  2149 | D:4      | Noticed Sigmund
  2253 | D:4      | Reached XP level 6. HP: 48/48 MP: 8/8
  2306 | D:4      | Killed Sigmund
  2497 | D:4      | Found a sparkling altar of Nemelex Xobeh.
  2519 | D:4      | Noticed an ogre
  2531 | D:4      | Killed an ogre
  2531 | D:4      | Reached skill level 5 in Crossbows
  2531 | D:4      | Reached XP level 7. HP: 27/55 MP: 8/8
  2571 | D:4      | Noticed an ogre
  2577 | D:4      | Killed an ogre
  2674 | D:4      | Noticed Eustachio
  2941 | D:4      | Reached skill level 1 in Unarmed Combat
  3442 | D:5      | Entered Level 5 of the Dungeon
  3442 | D:5      | Found a white marble altar of Elyvilon.
  3620 | D:5      | Reached skill level 5 in Armour
  3755 | D:5      | Reached XP level 8. HP: 33/59 MP: 9/9
  4178 | D:5      | Upgraded the game from 0.14-a0-1361-g0512ea0 to 0.14-a0-1378-gf8e6a88
  4822 | D:6      | Reached skill level 5 in Unarmed Combat
  5139 | D:6      | Found a deep blue altar of Sif Muna.
  5160 | D:6      | Found a shattered altar of Ashenzari.
  5161 | D:6      | Found a bloodstained altar of Trog.
  5315 | D:6      | Found a snail-covered altar of Cheibriados.
  5429 | D:6      | HP: 3/61 [orc/orcish trident (7)]
  5432 | D:6      | Reached skill level 6 in Armour
  5610 | D:6      | Found a staircase to the Ecumenical Temple.
  5702 | D:6      | Killed Eustachio
  5748 | D:6      | Reached XP level 9. HP: 67/67 MP: 10/10
  5758 | Temple   | Entered the Ecumenical Temple
  5811 | Temple   | Became a worshipper of Warmaster Okawaru
  5970 | D:6      | Reached skill level 7 in Unarmed Combat
  6500 | D:7      | Acquired Okawaru's first power
  6500 | D:7      | Reached skill level 8 in Unarmed Combat
  6510 | D:7      | Noticed Ijyb
  6547 | D:7      | Killed Ijyb
  6916 | D:7      | Noticed Joseph
  6932 | D:7      | Noticed Edmund
  6945 | D:7      | Killed Edmund
  6958 | D:7      | Killed Joseph
  6958 | D:7      | Reached skill level 9 in Unarmed Combat
  7174 | D:7      | Reached skill level 10 in Unarmed Combat
  7174 | D:7      | Reached XP level 10. HP: 64/73 MP: 11/11
  7464 | D:7      | Found a bloodstained altar of Trog.
  7504 | D:7      | Found a shimmering altar of Xom.
  7506 | D:7      | Found a burning altar of Makhleb.
  8304 | D:8      | Noticed Erolcha
  8331 | D:8      | Slain by Erolcha

Action                   |  1- 3 |  4- 6 |  7- 9 | 10-12 || total
-------------------------+-------+-------+-------+-------++-------
Melee: Unarmed           |     4 |    60 |   505 |    53 ||   622
 Fire: Crossbow          |    67 |   112 |    90 |    35 ||   304
       Blowgun           |       |       |    72 |    33 ||   105
       Sling             |       |       |       |     2 ||     2
Throw: Dart              |       |     1 |    21 |     6 ||    28
Invok: Heroism           |       |       |     1 |     1 ||     2
Evoke: Wand              |       |       |     7 |     2 ||     9
  Use: Scroll            |     4 |     6 |     4 |     5 ||    19
       Potion            |       |     1 |     5 |     1 ||     7
